 Dungeon Crawl Stone Soup version 0.30-a0-377-g5cb311bc9f (webtiles) character file.

Game seed: 1503157949143616537

273 Decritt the Magician (level 6, -14/47 HPs)
             Began as a Djinni Hedge Wizard on Nov 29, 2022.
             Demolished by an iguana (17 damage)
             ... on level 4 of the Dungeon.
             The game lasted 00:07:47 (3084 turns).

Decritt the Magician (Djinni Hedge Wizard)          Turns: 3084, Time: 00:07:48

Health: -14/47     AC:  3    Str:  9    XL:     6   Next: 48%
Gold:   245        EV: 12    Int: 18    God:
                   SH:  0    Dex: 12

rFire   + + .      SeeInvis .    a - +0 dagger
rCold   x . .      Faith    .    h - orb {mayhem}
rNeg    . . .      Spirit   .    b - +0 robe
rPois   ∞          Reflect  .    c - +1 hat
rElec   .          Harm     .    (no cloak)
rCorr   .          Rampage  .    (no gloves)
Will    .....                    (boots unavailable)
Stlth   ++........               (no amulet)
HPRegen 0.27/turn                (no ring)
MPRegen 0.00/turn                (no ring)

@: flying
A: sickness immunity, fire resistance 2, cold vulnerability 1, float, innate
caster, HP casting, extra vitality 1
a: no special abilities


You were on level 4 of the Dungeon.
You visited 1 branch of the dungeon, and saw 4 of its levels.
You also visited: Sewer.

You collected 245 gold pieces.

Inventory:

Hand Weapons
 a - a +0 dagger (weapon)
Missiles
 n - a throwing net
Armour
 b - a +0 robe (worn)
 c - a +1 hat (worn)
 h - an orb of mayhem (worn)
Scrolls
 m - a scroll of teleportation
 r - a scroll of identify
Potions
 d - 2 potions of resistance
 e - 3 potions of brilliance
 f - a potion of magic {unknown}
 g - a potion of berserk rage {unknown}
 i - 2 potions of lignification {unknown}
 j - 2 potions of curing {unknown}
 k - a potion of cancellation {unknown}
 l - a potion of attraction {unknown}
 o - a potion of heal wounds {unknown}
 p - a potion of haste {unknown}


   Skills:
 * Level 4.0 Fighting
 - Level 2.1 Dodging
 - Level 1.5 Stealth
 * Level 4.0 Spellcasting


You couldn't memorise any spells.
You knew the following spells:

 Your Spells              Type           Power      Damage    Failure   Level
a - Magic Dart            Conj           72%        1d6       2%          1
b - Searing Ray           Conj           36%        2d5       4%          2
c - Mephitic Cloud        Conj/Pois/Air  18%        N/A       9%          3
d - Slow                  Hex            72%        N/A       2%          1
e - Blink                 Tloc           36%        N/A       4%          2
f - Cigotuvi's Dreadful   Necr/Pois/Air  36%        N/A       4%          2
g - Beastly Appendage     Tmut           36%        N/A       2%          1
h - Call Imp              Summ           18%        N/A       4%          2
Your spell library was empty.

Dungeon Overview and Level Annotations

Branches:
Dungeon (4/15)              Sewer (visited)
 Temple: D:4-7

Altars:

Shops:
D:1 !


Innate Abilities, Weirdness & Mutations

You are immune to sickness and miasma.
You are immune to poison.
Your flesh is very heat resistant. (rF++)
You are vulnerable to cold. (rC-)
You float through the air rather than walking.
You learn spells naturally, not from books.
Your magical power is your life essence.
You have superior vitality. (+4 MHP)


Message History

Confirm with . or Enter, or press ? or * to list all spells.
Aiming: Magic Dart (safe; 2% risk of failure)
Press: ? - help, Shift-Dir - straight line, f/p - iguana
Aim: an iguana (moderately wounded, 100% to hit)
The magic dart hits the iguana.
The iguana is heavily wounded.
The iguana hisses menacingly.
A kobold comes into view. It is wielding a +0 dagger.
Casting: Magic Dart (safe; 2% risk of failure)
Confirm with . or Enter, or press ? or * to list all spells.
Aiming: Magic Dart (safe; 2% risk of failure)
Press: ? - help, Shift-Dir - straight line, f/p - iguana
Aim: an iguana (heavily wounded, 100% to hit)
The magic dart hits the iguana but does no damage.
The iguana is heavily wounded.
The kobold shouts!
You hear a shout!
Casting: Magic Dart (safe; 2% risk of failure)
Confirm with . or Enter, or press ? or * to list all spells.
Aiming: Searing Ray (safe; 4% risk of failure)
Press: ? - help, Shift-Dir - straight line, f/p - iguana
Aim: an iguana (heavily wounded, 81% to hit)
The searing ray hits the iguana but does no damage.
The iguana is heavily wounded. (Press . to maintain the ray.)
The iguana bites you.
The searing ray misses the iguana.
The searing ray hits the kobold.
You kill the kobold!
The iguana flies into a frenzy!
The iguana bites you.
The searing ray hits the iguana.
The iguana is heavily wounded.
The iguana bites you. The iguana barely misses you.
The searing ray hits the iguana.
The iguana is severely wounded.
You finish channelling your searing ray.
The iguana bites you.
* * * LOW HITPOINT WARNING * * *
The iguana bites you!!
* * * LOW HITPOINT WARNING * * *
The iguana bites you!
You die...

#.#.# .....#.#.
#.#.. ........
....# #...#.#
##)..# #.....
##.....##..(# #
#.......#...#.#
....>.l.....#.#
#....$.@......#
#.(.....#.#.###
..........#.#
..........#.#
.....#...##.#
#...###.###.#
##.# #.# #.# #.
#.# #.# #.# #.#


You could see a neutral iguana (fast, strong, insane).

Vanquished Creatures
  2 orc priests (D:3)
  An orc wizard (D:3)
  3 adders
  7 orcs (D:3)
  6 ball pythons
  An endoplasm (D:3)
  2 giant cockroaches (D:1)
  6 goblins
  5 hobgoblins
  3 jackals (D:2)
  3 quokkas
  5 bats
  5 frilled lizards
  6 kobolds
  5 rats
60 creatures vanquished.

Vanquished Creatures (collateral kills)
  Pargi (Sewer)
  2 jackals (D:1)
  A ball python (D:2)
4 creatures vanquished.

Grand Total: 64 creatures vanquished

Notes
Turn   | Place    | Note
-------+----------+-------------------------------------------
     0 | D:1      | Decritt the Djinni Hedge Wizard began the quest for the
                  | Orb.
     0 | D:1      | Decritt set off with the following spells memorised: Magic
                  | Dart, Slow, Blink, Call Imp, Cigotuvi's Dreadful Rot,
                  | Mephitic Cloud.
     0 | D:1      | Reached XP level 1. HP: 15/15 MP: 0/0
    81 | D:1      | Found Beirik's Distillery.
    91 | D:1      | Reached skill level 1 in Fighting
    91 | D:1      | Reached XP level 2. HP: 20/22 MP: 0/0
   508 | D:1      | Reached XP level 3. HP: 24/27 MP: 0/0
   508 | D:1      | Learned a level 1 spell: Beastly Appendage
   539 | D:1      | Found a faded altar of an unknown god.
  1180 | D:2      | Reached XP level 4. HP: 30/33 MP: 0/0
  1494 | D:3      | Found a glowing drain.
  1504 | Sewer    | Entered a sewer
  1524 | Sewer    | Noticed Pargi
  1622 | Sewer    | Killed Pargi
  1623 | Sewer    | Reached XP level 5. HP: 21/40 MP: 0/0
  1623 | Sewer    | Learned a level 2 spell: Searing Ray
  1938 | D:3      | Reached XP level 6. HP: 34/46 MP: 0/0
  2379 | D:3      | HP: 2/47 [orc/+0 club (2)]
  3084 | D:4      | Demolished by an iguana

Illustrated notes

Levels and vault maps discovered:
D:1:      minmay_arrival_four_circles, layout_rooms,
          shapermc_ecumenical_altar_mp_highgroup, serial_shops,
          nicolae_shop_stone
D:2:      layout_basic, chequers_serial_rivers_room_b
D:3:      layout_basic, portal_sewer_entry_a, minmay_misc_feat_square,
          supply_closet_lemuel
D:4:      layout_loops_ring, minmay_close_crescents

Skill      XL: |  1  2  3  4  5  6 |
---------------+-------------------+-----
Fighting       | 1 2 3 4 |  4.0
Spellcasting   | 3 4 |  4.0
Dodging        | |  2.1
Stealth        | |  1.5

Action                   |  1- 3 |  4- 6 || total
-------------------------+-------+-------++-------
Melee: Dagger            |     1 |     5 ||     6
 Cast: Magic Dart        |    81 |    90 ||   171
       Call Imp          |       |     3 ||     3
       Searing Ray       |       |     4 ||     4
  Use: Scroll            |       |    10 ||    10
Armor: Robe              |     2 |     9 ||    11
Dodge: Dodged            |    11 |    34 ||    45

Table legend: (Time is in decaauts)
 A = Elapsed time spent in this place.
 B = Non-inter-level travel time spent in this place.
 C = Inter-level travel time spent in this place.
 D = Time resting spent in this place.
 E = Time spent auto-exploring this place.
 F = Levels seen in this place.
 G = Mean time per level.
                   A        B        C        D        E       F      G
               +--------+--------+--------+--------+--------+-----+--------+
         Total |   3082 |   3015 |     67 |    390 |   2160 |   5 |  616.4 |
       Dungeon |   2737 |   2670 |     67 |    348 |   1957 |   4 |  684.2 |
         Sewer |    345 |    345 |      0 |     42 |    203 |   1 |  345.0 |
               +--------+--------+--------+--------+--------+-----+--------+

Top non-repeatable levels by time:
     D:3: 1227 daAuts
     D:2: 740 daAuts
     D:1: 726 daAuts
   Sewer: 345 daAuts
     D:4: 42 daAuts
